 Dungeon Crawl Stone Soup version 0.28.0-53-g5a82cb258f (webtiles) character file.

Game seed: 839836469472508405

693 DemonSlayer the Firebug (level 7, 0/72 HPs)
             Began as a Demonspawn Fire Elementalist on July 31, 2022.
             Slain by an orc wizard
             ... wielding a +0 dagger
              (2 damage)
             ... on level 5 of the Dungeon.
             The game lasted 00:13:56 (8048 turns).

DemonSlayer the Firebug (DsFE)                      Turns: 8048, Time: 00:13:58

Health: 0/72       AC:  6    Str:  8    XL:     7   Next: 37%
Magic:  2/13       EV: 12    Int: 19    God:
Gold:   126        SH:  0    Dex: 13    Spells: 4/14 levels left

rFire   x . .      SeeInvis .   n - +0 morningstar
rCold   . . .      Faith    .   (no shield)
rNeg    + . .      Spirit   .   a - +0 robe
rPois   .          Reflect  .   (no helmet)
rElec   +          Harm     .   e - +0 cloak
rCorr   .          Rampage  .   (no gloves)
Will    .....                   b - +2 pair of boots of Hepliaklqana's Hope {rElec rF- rN+ Regen+}
Stlth   ..........              (no amulet)
HPRegen 1.02/turn               (no ring)
MPRegen 0.13/turn               (no ring)

@: berserking, lethally poisoned (0 -> 0), very quick
A: claws 1, hooves 1, powered by death 1, weakness stinger 1
a: no special abilities


You were on level 5 of the Dungeon.
You visited 1 branch of the dungeon, and saw 5 of its levels.

You collected 126 gold pieces.

Inventory:

Hand Weapons
 n - a +0 morningstar (weapon)
Missiles
 m - 57 sling bullets
Armour
 a - a +0 robe (worn)
 b - the +2 pair of boots of Hepliaklqana's Hope (worn) {rElec rF- rN+ Regen+}
   (You acquired it on level 4 of the Dungeon)

   rF:        It makes you vulnerable to fire.
   rElec:     It insulates you from electricity.
   rN:        It protects you from negative energy.
   Regen:     It increases your rate of health regeneration.
 e - a +0 cloak (worn)
Wands
 r - a wand of flame (7)
Scrolls
 f - a scroll of enchant weapon {unknown}
 j - a scroll of enchant armour {unknown}
 k - 2 scrolls of fear
 p - a scroll of summoning {unknown}
 q - a scroll of magic mapping {unknown}
 s - a scroll of teleportation {unknown}
Potions
 c - 2 potions of lignification
 g - a potion of ambrosia {unknown}
 h - a potion of cancellation
 l - a potion of curing {unknown}
 o - a potion of attraction {unknown}


   Skills:
 + Level 1.5 Fighting
 + Level 0.8 Short Blades
 + Level 2.9 Maces & Flails
 + Level 2.6 Dodging
 + Level 2.3 Stealth
 + Level 4.1 Spellcasting
 + Level 2.0 Conjurations
 + Level 4.8 Fire Magic
 + Level 0.7 Evocations


You had 4 spell levels left.
You knew the following spells:

 Your Spells              Type           Power      Damage    Failure   Level
a - Foxfire               Conj/Fire      64%        2x1d7     3%          1
b - Scorch                Fire           44%        2d7       2%          2
c - Conjure Flame         Conj/Fire      16%        6-21      10%         3
d - Flame Wave            Conj/Fire      16%        2d6       32%         4

Your spell library contained the following spells:

 Spells                   Type           Power      Damage    Failure   Level
 Shock                    Conj/Air       28%        1d4       9%          1
 Inner Flame              Hex/Fire       13%        N/A       16%         3
 Swiftness                Air            3%         N/A       38%         3
 Airstrike                Air            1%         N/A       80%         4


Dungeon Overview and Level Annotations

Branches:
Dungeon (5/15)
 Temple: D:4-7

Altars:
Hepliaklqana
Ru
Vehumet
Xom
Zin


Innate Abilities, Weirdness & Mutations

You have sharp fingernails.
You have large cloven feet.
You regenerate a little health from kills.
You have a small tail.


Message History

The water moccasin bites you but does no damage.
The orc priest barely misses you. The water moccasin bites you.
You are poisoned.
The water moccasin poisons you!
Really quaff the potion of lignification?
Okay, then.
It was a potion of berserk rage.
A red film seems to cover your vision as you go berserk!
You feel yourself moving faster!
You feel mighty!
You feel sick. The water moccasin bites you.
* * * LOW HITPOINT WARNING * * *
The orc priest closely misses you.
You closely miss the water moccasin.
The water moccasin is heavily wounded.
You feel sick.
The water moccasin completely misses you.
Something hits you.
* * * LOW HITPOINT WARNING * * *
The water moccasin bites you.
* * * LOW HITPOINT WARNING * * *
The orc priest closely misses you.
You closely miss the water moccasin.
The water moccasin is heavily wounded.
You feel sick. The water moccasin closely misses you. Something hits you!
* * * LOW HITPOINT WARNING * * *
The orc priest hits you with a +0 short sword.
* * * LOW HITPOINT WARNING * * *
Unknown command.
You miss the water moccasin.
The water moccasin is heavily wounded.
You feel sick. The orc wizard barely misses you.
The water moccasin closely misses you. Something hits you but does no damage.
Unknown command.
You barely miss the water moccasin.
Your tail-slap misses the water moccasin.
The water moccasin is heavily wounded.
You feel sick. The orc priest closely misses you.
The water moccasin bites you but does no damage.
The orc wizard hits you with a +0 dagger.
You die...

..### #....
...#...# ##...
#....# ......#
.....
#....###._.###
.....
#....#.......#
..M..
#....#...#.B.#
.....
#....#...# ..#
.....
##....o#######+
.....
#....So.......
.....
#....@o....###
....?
##<.........#
.....
#..........##
.....
##.##.......#
.....
#..##......##
.....
##.####.....#
.### #..#
####### ##
##.## ###...###


You could see a water moccasin, an orc priest, an orc wizard and an orc.

Vanquished Creatures
  Eustachio (D:4)
  Menkaure (D:5)
  2 ogres (D:5)
  A centaur (D:5)
  A hound (D:5)
  4 adders
  A howler monkey skeleton (D:5)
  3 adder skeletons (D:4)
  A worm (D:2)
  A dart slug (D:1)
  10 orcs
  7 bats
  7 endoplasms
  3 giant cockroaches
  5 goblins
  9 hobgoblins
  11 jackals
  A quokka (D:4)
  12 ball pythons
  5 frilled lizards
  8 kobolds
  3 rats
  A spectral hobgoblin (D:4)
98 creatures vanquished.

Vanquished Creatures (collateral kills)
  10 foxfires (D:1)
10 creatures vanquished.

Vanquished Creatures (others)
  259 foxfires
  7 plants (D:1)
266 creatures vanquished.

Grand Total: 374 creatures vanquished

Notes
Turn   | Place    | Note
-------+----------+-------------------------------------------
     0 | D:1      | DemonSlayer the Demonspawn Fire Elementalist began the
                  | quest for the Orb.
     0 | D:1      | Reached XP level 1. HP: 13/13 MP: 3/3
   558 | D:1      | Discovered your monstrous ancestry.
   558 | D:1      | Gained mutation: You have a small tail. [demonic ancestry]
   558 | D:1      | Reached XP level 2. HP: 19/19 MP: 1/5
   561 | D:1      | Learned a level 2 spell: Scorch
  1789 | D:2      | Gained mutation: You have sharp fingernails. [demonic
                  | ancestry]
  1789 | D:2      | Reached XP level 3. HP: 24/24 MP: 1/6
  2210 | D:2      | Found a faded altar of an unknown god.
  3059 | D:2      | Learned a level 3 spell: Conjure Flame
  3381 | D:3      | Reached XP level 4. HP: 30/30 MP: 3/7
  5178 | D:4      | Noticed an angel
  5665 | D:4      | Found a shimmering altar of Xom.
  5897 | D:4      | Noticed Eustachio
  6170 | D:4      | Found a hazy altar of Hepliaklqana.
  6418 | D:4      | Gained mutation: You regenerate a little health from kills.
                  | [demonic ancestry]
  6418 | D:4      | Reached XP level 5. HP: 36/36 MP: 3/9
  6501 | D:4      | Found a radiant altar of Vehumet.
  6547 | D:4      | Killed Eustachio
  6548 | D:4      | Reached skill level 1 in Maces & Flails
  6548 | D:4      | Reached XP level 6. HP: 13/42 MP: 3/11
  7084 | D:4      | Learned a level 4 spell: Flame Wave
  7092 | D:4      | Identified a scroll of acquirement
  7092 | D:4      | Acquired the +2 pair of boots of Hepliaklqana's Hope {rElec
                  | rF- rN+ Regen+}
  7671 | D:5      | Entered Level 5 of the Dungeon
  7744 | D:5      | Reached skill level 1 in Fighting
  7840 | D:5      | Noticed Menkaure
  7874 | D:5      | Killed Menkaure
  7875 | D:5      | Gained mutation: You have large cloven feet. [demonic
                  | ancestry]
  7875 | D:5      | Reached XP level 7. HP: 48/48 MP: 8/12
  8019 | D:5      | Found a sacrificial altar of Ru.
  8046 | D:5      | HP: 3/72 [orc priest/+0 short sword (1)]
  8048 | D:5      | Slain by an orc wizard

Illustrated notes

Levels and vault maps discovered:
D:1:      dpeg_arrival_rhombus, layout_loops_corners, st_stairs_9, hex_medium,
          serial_bayou_lagoon_a
D:2:      layout_loops_ring, chequers_ecumenical_altar_island
D:3:      layout_basic
D:4:      layout_basic, grunt_temple_overflow_order_and_chaos_1,
          vehumet_altar_wand_db, nicolae_hepliaklqana_monster_ancestors,
          skrybe_limestone_x, minmay_bisected, uniq_eustachio
D:5:      layout_cave_pods, nicolae_ru_great_annihilating_truth,
          minmay_temple_entry_proselytizer, uniq_menkaure, uniq_prince_ribbit1

Skill      XL: |  1  2  3  4  5  6  7 |
---------------+----------------------+-----
Fire Magic     | 3 4 |  4.8
Stealth        | 2 |  2.3
Conjurations   | 2 |  2.0
Dodging        | 2 |  2.6
Maces & Flails | 1 2 |  2.9
Spellcasting   | 3 4 |  4.1
Fighting       | 1 |  1.5
Short Blades   | |  0.8
Evocations     | |  0.7

Action                   |  1- 3 |  4- 6 |  7- 9 || total
-------------------------+-------+-------+-------++-------
Melee: Short sword       |    38 |     9 |       ||    47
       Tailslap          |     2 |     7 |       ||     9
       Morningstar       |       |    65 |     8 ||    73
       Punch             |       |     1 |       ||     1
 Cast: Foxfire           |   129 |    43 |       ||   172
       Scorch            |       |    33 |    10 ||    43
Evoke: Wand              |       |     8 |       ||     8
  Use: Potion            |       |     1 |     1 ||     2
       Scroll            |       |     7 |       ||     7
 Stab: Sleeping          |       |     1 |       ||     1
Armor: Robe              |    15 |    31 |     8 ||    54
Dodge: Dodged            |    26 |   103 |    13 ||   142
